 Dungeon Crawl Stone Soup version 0.30-a0-465-g8901f6c8b5 (webtiles) character file.

Game seed: 7629301755423415063

363 arthad the Digger (level 6, -2/35 HPs)
             Began as a Gargoyle Earth Elementalist on Dec 19, 2022.
             Slain by Duvessa
             ... wielding a +0 short sword
              (11 damage)
             ... on level 4 of the Dungeon.
             The game lasted 00:09:36 (4149 turns).

arthad the Digger (Gargoyle Earth Elementalist)     Turns: 4149, Time: 00:09:36

Health: -2/35      AC: 10    Str: 11    XL:     6   Next: 67%
Magic:  8/11       EV: 12    Int: 18    God:
Gold:   144        SH:  0    Dex: 10    Spells: 7/11 levels left

rFire   . . .      SeeInvis .    h - +2 falchion (drain)
rCold   . . .      Faith    .    (no shield)
rNeg    + + .      Spirit   .    a - +0 robe
rPois   ∞          Reflect  .    (no helmet)
rElec   +          Harm     .    c - +0 cloak
rCorr   .          Rampage  .    i - +0 pair of gloves
Will    .....                    f - +1 pair of boots
Stlth   ++........               (no amulet)
HPRegen 0.25/turn                m - ring of positive energy
MPRegen 0.12/turn                (no ring)

@: brilliant
A: sickness immunity, AC +4, negative energy resistance 1, electricity
resistance, torment resistance 1, petrification resistance
a: no special abilities


You were on level 4 of the Dungeon.
You visited 1 branch of the dungeon, and saw 4 of its levels.

You collected 144 gold pieces.

Inventory:

Hand Weapons
 h - a +2 falchion of draining (weapon)
Armour
 a - a +0 robe (worn)
 c - a +0 cloak (worn)
 f - a +1 pair of boots (worn)
 i - a +0 pair of gloves (worn)
Jewellery
 m - a ring of positive energy (left hand)
 p - an amulet of guardian spirit
Scrolls
 e - a scroll of torment {unknown}
 l - a scroll of teleportation {unknown}
 n - a scroll of fog {unknown}
 r - 2 scrolls of enchant armour
Potions
 b - a potion of magic
 d - a potion of might {unknown}
 g - a potion of brilliance
 j - a potion of haste {unknown}
 k - a potion of mutation {unknown}
 o - a potion of heal wounds {unknown}
 q - 3 potions of berserk rage {unknown}


   Skills:
 + Level 1.8 Fighting
 + Level 2.4 Dodging
 + Level 3.2 Stealth
 * Level 3.4 Spellcasting
 * Level 2.1 Conjurations
 + Level 1.9 Transmutations
 * Level 5.1 Earth Magic


You had 7 spell levels left.
You knew the following spells:

 Your Spells              Type           Power      Damage    Failure   Level
a - Sandblast             Erth           64%        2d14      1%          1
b - Stone Arrow           Conj/Erth      48%        3d10      11%         3

Your spell library contained the following spells:

 Spells                   Type           Power      Damage    Failure   Level
 Passwall                 Tmut/Erth      19%        N/A       5%          2
 Petrify                  Tmut/Erth      23%        N/A       34%         4
 Ozocubu's Armour         Ice            4%         N/A       43%         3
 Metabolic Englaciation   Hex/Ice        2%         N/A       99%         5
 Simulacrum               Ice/Necr       2%         N/A       100%        6


Dungeon Overview and Level Annotations

Branches:
Dungeon (4/15)
 Temple: D:4-7

Altars:
Fedhas

Shops:
D:3 *

Annotations:
D:4 Duvessa


Innate Abilities, Weirdness & Mutations

You are immune to sickness and miasma.
Your stone body is resilient. (AC +4)
You are immune to poison.
You resist negative energy. (rN+)
You are resistant to electric shocks. (rElec)
You are resistant to unholy torment.
You are immune to petrification.


Message History

Unknown command.
Aiming: Sandblast (safe; 1% risk of failure)
Press: ? - help, Q - select action Shift-Dir - straight line, f/p - Dowan
Aim: Dowan, wielding a +0 dagger and wearing a +0 robe (heavily wounded, 78% to hit)
You feel a surge of power!
The blast of sand hits Duvessa.
Duvessa is almost dead.
Duvessa hits you but does no damage. Duvessa barely misses you.
The goblin hits you but does no damage.
Unknown command.
Unknown command.
Magic courses through your body. Duvessa hits you with a +0 short sword.
Dowan mumbles some strange words.
Dowan blinks!
The goblin hits you but does no damage.
Aiming: Sandblast (safe; 1% risk of failure)
Press: ? - help, Q - select action Shift-Dir - straight line, f/p - Dowan
Aim: Dowan, wielding a +0 dagger and wearing a +0 robe (heavily wounded, 78% to hit)
You feel a surge of power!
The blast of sand hits Dowan!
Dowan is almost dead.
Duvessa hits you but does no damage. The goblin misses you.
Unknown command.
Aiming: Sandblast (safe; 1% risk of failure)
Press: ? - help, Q - select action Shift-Dir - straight line, f/p - Dowan
Aim: Dowan, wielding a +0 dagger and wearing a +0 robe (almost dead, 78% to hit)
You feel a surge of power!
The blast of sand hits Dowan!
You kill Dowan!
Duvessa screams, "No!
How DARE you!"
Duvessa goes berserk!
Duvessa hits you with a +0 short sword! The goblin hits you but does no damage.
Duvessa hits you with a +0 short sword.
* * * LOW HITPOINT WARNING * * *
The goblin hits you but does no damage.
Your Conjurations skill increases to level 2!
Aiming: Sandblast (safe; 1% risk of failure)
Press: ? - help, Q - select action Shift-Dir - straight line, f - Duvessa
Aim: Duvessa, wielding a +0 short sword and wearing a +0 ring mail (almost dead, berserk, 88% to hit)
You feel a surge of power!
The blast of sand hits Duvessa.
Duvessa is almost dead.
Duvessa hits you but does no damage. Duvessa misses you.
The goblin hits you but does no damage. Duvessa hits you with a +0 short sword!
You die...

,,,*,,,,,,,,,*,...#
,,,*,,,,,,,,,*,...#
,,,*,,,,,,,,,*,...#
,,,*,,*****#,**#..#
,,,*******##.###..##
,,,*,,,,,,#.......?#
,,,#.,,,,.#........#
,,,#..*##'######e###*##*****
,,,#..##..###.##@###..#,,,,*
,,,#...........g......+,,,,*
,,,#............).....#,,,,*
,,,#.......##...###...#,,,,*
,,,#..##...##...###...#*****
,,,#..##................,,*
,,,#....................,,*
,,,#.....<..............,,*
***#.......########'###*****


You could see Duvessa (berserk) and a goblin.

Vanquished Creatures
  Eustachio (D:4)
  Dowan (D:4)
  A hound (D:3)
  An iguana (D:4)
  3 gnolls (D:3)
  An adder (D:3)
  A worm (D:3)
  6 dart slugs
  2 orcs (D:3)
  6 ball pythons
  7 endoplasms
  2 giant cockroaches
  5 goblins
  6 hobgoblins
  2 jackals (D:1)
  2 quokkas
  8 bats
  6 frilled lizards
  6 kobolds
  3 rats
70 creatures vanquished.

Vanquished Creatures (others)
  A plant (D:4)
1 creature vanquished.

Grand Total: 71 creatures vanquished

Notes
Turn   | Place    | Note
-------+----------+-------------------------------------------
     0 | D:1      | arthad the Gargoyle Earth Elementalist began the quest for
                  | the Orb.
     0 | D:1      | Reached XP level 1. HP: 10/10 MP: 3/3
   233 | D:1      | You fall into a shaft and drop 1 floor!
   444 | D:1      | Reached XP level 2. HP: 15/15 MP: 0/5
   896 | D:1      | Reached skill level 1 in Transmutations
   922 | D:1      | Reached XP level 3. HP: 17/20 MP: 0/6
  1823 | D:2      | Reached skill level 4 in Earth Magic
  1956 | D:2      | Reached skill level 1 in Conjurations
  2728 | D:3      | Reached XP level 4. HP: 24/24 MP: 4/7
  2772 | D:3      | Found Jets's General Store.
  3031 | D:3      | Reached skill level 1 in Fighting
  3031 | D:3      | Reached XP level 5. HP: 29/29 MP: 3/9
  3854 | D:4      | Noticed Eustachio
  3885 | D:4      | Killed Eustachio
  3886 | D:4      | Reached skill level 5 in Earth Magic
  3886 | D:4      | Reached XP level 6. HP: 12/35 MP: 2/10
  4051 | D:4      | Found a blossoming altar of Fedhas.
  4127 | D:4      | Noticed Dowan
  4133 | D:4      | Learned a level 3 spell: Stone Arrow
  4135 | D:4      | Noticed Duvessa
  4148 | D:4      | Killed Dowan
  4149 | D:4      | Slain by Duvessa

Illustrated notes

Levels and vault maps discovered:
D:1:      roderic_lyre, layout_basic
D:2:      layout_basic, minmay_misc_feat_roman
D:3:      layout_basic, serial_shops, nicolae_shop_window_shopping,
          minmay_cut_off
D:4:      layout_gridville, trog_three_pillars_becter,
          mainiacjoe_overflow_tiny_flanked, sigmund_edmund_badplayer,
          uniq_duvessa, uniq_eustachio, uniq_crazy_yiuf_cottage

Skill      XL: |  1  2  3  4  5  6 |
---------------+-------------------+-----
Transmutations | 1 |  1.9
Earth Magic    | 4 5 |  5.1
Conjurations   | 1 2 |  2.1
Dodging        | 2 |  2.4
Fighting       | 1 |  1.8
Stealth        | 3 |  3.2
Spellcasting   | 3 |  3.4

Action                   |  1- 3 |  4- 6 || total
-------------------------+-------+-------++-------
Melee: Unarmed           |    17 |    10 ||    27
 Cast: Sandblast         |    59 |    60 ||   119
       Stone Arrow       |       |     4 ||     4
  Use: Scroll            |       |     3 ||     3
       Potion            |       |     2 ||     2
Armor: Robe              |    18 |    26 ||    44
Dodge: Dodged            |    16 |    44 ||    60

Table legend: (Time is in decaauts)
 A = Elapsed time spent in this place.
 B = Non-inter-level travel time spent in this place.
 C = Inter-level travel time spent in this place.
 D = Time resting spent in this place.
 E = Time spent auto-exploring this place.
 F = Levels seen in this place.
 G = Mean time per level.
                   A        B        C        D        E       F      G
               +--------+--------+--------+--------+--------+-----+--------+
         Total |   4205 |   4094 |    111 |    286 |   3303 |   4 | 1051.2 |
       Dungeon |   4205 |   4094 |    111 |    286 |   3303 |   4 | 1051.2 |
               +--------+--------+--------+--------+--------+-----+--------+

Top non-repeatable levels by time:
     D:3: 1391 daAuts
     D:1: 1364 daAuts
     D:2: 1116 daAuts
     D:4: 332 daAuts
